 Dungeon Crawl Stone Soup version 0.24-a0-378-g94936e539c (webtiles) character file.

Game seed: 479938846979267118

47 MachJacob the Sneak (level 3, -5/16 HPs)
             Began as a Spriggan Venom Mage on June 1, 2019.
             Slain by Natasha (6 damage)
             ... on level 3 of the Dungeon.
             The game lasted 00:06:50 (1951 turns).

MachJacob the Sneak (Spriggan Venom Mage)           Turns: 1951, Time: 00:06:51

Health: -5/16      AC:  2    Str:  4    XL:     3   Next: 48%
Magic:  2/8        EV: 18    Int: 17    God:
Gold:   34         SH:  0    Dex: 16    Spells: 2/8 levels left

rFire    . . .     SeeInvis +   f - +0 dagger
rCold    . . .     Gourm    .   (shield restricted)
rNeg     . . .     Faith    .   a - +0 robe
rPois    .         Spirit   .   (helmet restricted)
rElec    .         Reflect  .   (no cloak)
rCorr    .         Harm     .   (gloves unavailable)
MR       .....                  (boots unavailable)
Stlth    +++.......             (no amulet)
HPRegen  0.05/turn              (no ring)
MPRegen  0.11/turn              (no ring)

@: about to teleport, very slightly contaminated, very quick
A: very small, unfitting armour, see invisible, herbivore, speed 3, slow
metabolism 2
a: no special abilities


You were on level 3 of the Dungeon.
You were not hungry.

You visited 1 branch of the dungeon, and saw 3 of its levels.

You collected 34 gold pieces.

Inventory:

Hand Weapons
 f - a +0 dagger (weapon)
Armour
 a - a +0 robe (worn)
Jewellery
 d - a +4 ring of evasion {unknown}
Potions
 e - a potion of degeneration {unknown}
 g - a potion of curing
Comestibles
 c - 2 rations


   Skills:
 - Level 3.0 Dodging
 + Level 3.8 Stealth
 + Level 3.2 Spellcasting
 + Level 1.1 Conjurations
 + Level 0.2 Air Magic
 * Level 3.7 Poison Magic


You had 2 spell levels left.
You knew the following spells:

 Your Spells              Type           Power        Failure   Level  Hunger
a - Sting                 Conj/Pois      ##..         6%          1    None
b - Poisonous Vapours     Pois/Air       #.....       12%         2    ##.....
c - Mephitic Cloud        Conj/Pois/Air  #.......     26%         3    ###....

Your spell library contained the following spells:

 Spells                   Type           Power        Failure   Level  Hunger
 Olgreb's Toxic Radiance  Pois           ###.....     36%         4    ####...
 Venom Bolt               Conj/Pois      ##........   87%         5    ######.


Dungeon Overview and Level Annotations

Branches:
Dungeon (3/15)

Altars:

Annotations:
D:3 Natasha, Purgy, Robin


Innate Abilities, Weirdness & Mutations

You are very small and have problems with some larger weapons.
You are too small for most types of armour.
You have supernaturally acute eyesight. (SInv)
You are a herbivore.
You cover ground extremely quickly.
You need to consume almost no food.


Message History

Confirm with . or Enter, or press ? or * to list all spells.
Aiming: Poisonous Vapours (safe; 12% risk of failure)
Press: ? - help, Dir - move target cursor, f/p - Robin
Aim: Robin, wielding a +0 mace, wearing a +0 animal skin and wearing a +0 helmet (almost dead, poisoned)
You miscast Poisonous Vapours.
You are very lightly contaminated with residual magic.
Nothing appears to happen.
Purgy shouts!
You hear a shout!
You hear a bark!
The hobgoblin no longer looks unusually strong. x2
As you read the scroll of teleportation, it crumbles to dust.
You feel strangely unstable.
Robin looks more healthy.
Natasha casts a spell at you. The magic dart hits you.
* * * LOW HITPOINT WARNING * * *
The hobgoblin no longer looks unusually strong.
Robin roars a battlecry!
The hobgoblins go into a battle-frenzy!
The hobgoblin no longer looks unusually strong.
Natasha claws you.
You die...

############
##..........##
##..g)........##
#.hgg..........#
#@.g.g.........###
#.........g.....).
#.....T........###
#....%........g#
##.?...g......#..
##....g....>##...
######>##### .?.
#... ...
.###.#....


You could see Purgy, Robin, Natasha and 6 hobgoblins.

Vanquished Creatures
  An adder (D:2)
  A leopard gecko (D:2)
  A ball python (D:1)
  2 giant cockroaches (D:2 D:3)
  6 goblins (D:1 D:2 D:3)
  4 hobgoblins (D:1 D:2)
  2 jackals (D:1)
  A kobold (D:1)
  2 quokkas (D:2)
  6 bats (D:1 D:2)
  4 frilled lizards (D:1 D:2)
  4 rats (D:1 D:2)
34 creatures vanquished.

Notes
Turn   | Place    | Note
-------+----------+-------------------------------------------
     0 | D:1      | MachJacob the Spriggan Venom Mage began the quest for the
                  | Orb.
     0 | D:1      | Reached XP level 1. HP: 9/9 MP: 5/5
   545 | D:1      | Reached XP level 2. HP: 13/13 MP: 1/6
   769 | D:1      | Learned a level 2 spell: Poisonous Vapours
   817 | D:1      | You fall into a shaft and drop 1 floor!
   822 | D:2      | Reached skill level 1 in Conjurations
  1380 | D:2      | Reached XP level 3. HP: 16/16 MP: 2/8
  1487 | D:2      | Learned a level 3 spell: Mephitic Cloud
  1876 | D:3      | Noticed Purgy
  1879 | D:3      | Noticed Natasha
  1885 | D:3      | Noticed Robin
  1951 | D:3      | Slain by Natasha

Levels and vault maps discovered:
D:1:      dpeg_arrival_water_temple_mockup, layout_basic
D:2:      layout_basic, grunt_ministairs_1, minmay_misc_feat_chi
D:3:      layout_rooms, first_ration, uniq_natasha, uniq_robin,
          uniq_crazy_yiuf_cottage, uniq_purgy

Skill      XL: |  1  2 |
---------------+-------+-----
Spellcasting   | 3 |  3.2
Conjurations   | 1 |  1.1
Dodging        | |  3.0
Stealth        | |  3.8
Air Magic      | |  0.2
Poison Magic   | |  3.7

Action                   || total
-------------------------++-------
Melee: Unarmed           ||    10
       Dagger            ||     7
 Cast: Sting             ||    78
  Use: Scroll            ||     2
       Potion            ||     1
 Stab: Sleeping          ||     1
Armor: Robe              ||     7
Dodge: Dodged            ||    55

Table legend:
 A = Non-vault XP
 B = Vault XP
 C = Vault XP percentage of total XP
 D = Non-vault monster count
 E = Vault monster count
 F = Vault count percentage of total count
                 A         B        C        D         E       F
            +---------+---------+-------+---------+---------+-------
      Total |      63 |       5 |   7.4 |      31 |       3 |   8.8
            +---------+---------+-------+---------+---------+-------
        D:1 |      23 |       0 |   0.0 |      14 |       0 |   0.0
        D:2 |      38 |       3 |   7.3 |      16 |       2 |  11.1
        D:3 |       2 |       2 |  50.0 |       1 |       1 |  50.0
            +---------+---------+-------+---------+---------+-------
